 Dungeon Crawl Stone Soup version 0.22.0-21-g8bd1b0a76a (webtiles) character file.

394 Kniotic the Cleaver (level 6, 0/76 HPs)
             Began as a Minotaur Berserker on Aug 19, 2018.
             Was a Priest of Trog.
             Succumbed to a water moccasin's poison
             ... on level 4 of the Dungeon.
             The game lasted 00:02:07 (2460 turns).

Kniotic the Cleaver (Minotaur Berserker)            Turns: 2460, Time: 00:02:08

Health: 0/76       AC:  3    Str: 29    XL:     6   Next: 52%
Magic:  5/5        EV: 12    Int:  4    God:    Trog [***...]
Gold:   183        SH:  0    Dex:  9    Spells: 5/5 levels left

rFire    . . .     SeeInvis .   a - +0 hand axe
rCold    . . .     Gourm    .   (no shield)
rNeg     . . .     Faith    .   b - +0 animal skin
rPois    .         Spirit   .   (helmet restricted)
rElec    .         Reflect  .   (no cloak)
rCorr    .         Harm     .   (no gloves)
MR       .....                  h - +0 pair of boots
Stlth    ..........             (no amulet)
HPRegen  0.22/turn              d - +2 ring of slaying
MPRegen  0.09/turn              (no ring)

@: berserking (expiring), lethally poisoned (0 -> -17), slowed
A: retaliatory headbutt, horns 2
a: Berserk, Trog's Hand, Renounce Religion


You were on level 4 of the Dungeon.
You worshipped Trog.
Trog was most pleased with you.
You were hungry.

You visited 1 branch of the dungeon, and saw 4 of its levels.

You collected 183 gold pieces.

Inventory:

Hand Weapons
 a - a +0 hand axe (weapon)
Armour
 b - a +0 animal skin (worn)
 h - a +0 pair of boots (worn)
Jewellery
 d - a +2 ring of slaying (left hand)
Wands
 q - a wand of flame (10)
Scrolls
 e - 3 scrolls of blinking {unknown}
 f - 6 scrolls of identify
 g - 2 scrolls of remove curse {unknown}
 j - 2 scrolls of teleportation {unknown}
 k - a scroll of fog {unknown}
 n - a scroll of noise {unknown}
 p - a scroll of enchant armour {unknown}
 r - a scroll of fear {unknown}
Potions
 i - a potion of berserk rage {unknown}
 l - a potion of agility {unknown}
 m - 2 potions of brilliance {unknown}
 o - a potion of lignification {unknown}
Comestibles
 c - 7 rations


   Skills:
 - Level 3.6 Fighting
 + Level 8.3 Axes
 - Level 2.4 Armour
 - Level 2.1 Dodging
 + Level 2.1 Stealth


You had 5 spell levels left.
You didn't know any spells.
Your spell library was empty.

Dungeon Overview and Level Annotations

Branches:
Dungeon (4/15)
 Temple: D:4-7

Altars:
Ru

Annotations:
D:4 Natasha


Innate Abilities, Weirdness & Mutations

You reflexively headbutt those who attack you in melee.
You have a pair of horns on your head.


Message History

* * * LOW HITPOINT WARNING * * *
You feel sick.
* * * LOW HITPOINT WARNING * * *
You feel sick. Natasha claws you.
* * * LOW HITPOINT WARNING * * *
Things that are here:
a rapier; a leather armour; a wand of polymorph (15)
You slash Natasha!
Natasha is heavily wounded.
* * * LOW HITPOINT WARNING * * *
You feel sick.
Natasha stares at you and mumbles some strange words.
You feel yourself slow down.
You barely miss Natasha.
Natasha is heavily wounded.
* * * LOW HITPOINT WARNING * * *
You feel sick.
You barely miss Natasha.
Natasha is heavily wounded.
You die...

.. #####. .#
...#. .#
.... .#
##..## .###
..#.(... ...
#......##.##
#...@h.#
##.###....#
#.## ...?.
#..# ##..
##.## ..
#..# #..
##.# #..
##### #.#
#.. ...##
#.# #.#
###.#.


You could see Natasha.

Vanquished Creatures
  Eustachio (D:4)
  A water moccasin (D:4)
  Natasha (D:4)
  A hound skeleton (D:4)
  4 adders
  An ooze (D:2)
  An adder skeleton (D:4)
  A worm (D:3)
  4 dart slugs
  3 leopard geckos
  5 orcs
  A ball python (D:2)
  3 giant cockroaches
  3 goblins
  13 hobgoblins
  3 jackals (D:3)
  5 kobolds (D:1)
  A quokka (D:2)
  8 bats
  4 frilled lizards
  2 rats (D:2)
66 creatures vanquished.

Notes
Turn   | Place    | Note
-------+----------+-------------------------------------------
     0 | D:1      | Kniotic the Minotaur Berserker began the quest for the Orb.
     0 | D:1      | Reached XP level 1. HP: 19/19 MP: 0/0
    34 | D:1      | Reached skill level 4 in Axes
   111 | D:1      | Reached XP level 2. HP: 26/26 MP: 1/1
   642 | D:1      | Reached skill level 5 in Axes
   771 | D:2      | Reached XP level 3. HP: 27/31 MP: 2/2
   776 | D:2      | Reached ** piety under Trog
  1295 | D:2      | Reached XP level 4. HP: 37/39 MP: 3/3
  1395 | D:2      | Found a sacrificial altar of Ru.
  1428 | D:2      | Reached skill level 6 in Axes
  1882 | D:3      | Reached skill level 1 in Stealth
  2383 | D:4      | Reached XP level 5. HP: 45/45 MP: 4/4
  2384 | D:4      | Noticed Natasha
  2387 | D:4      | Killed Natasha
  2437 | D:4      | Noticed a water moccasin
  2438 | D:4      | Noticed Eustachio
  2448 | D:4      | Noticed Natasha
  2450 | D:4      | Killed Eustachio
  2450 | D:4      | Reached *** piety under Trog
  2450 | D:4      | Reached skill level 7 in Axes
  2450 | D:4      | Reached XP level 6. HP: 25/51 MP: 5/5
  2456 | D:4      | Killed a water moccasin
  2456 | D:4      | Reached skill level 8 in Axes
  2458 | D:4      | HP: 3/76 [poisoned by a water moccasin]
  2459 | D:4      | HP: 1/76 [poisoned by a water moccasin]
  2460 | D:4      | Succumbed to a water moccasin's poison

Skill      XL: |  1  2  3  4  5  6 |
---------------+-------------------+-----
Axes           | 4 5 6 7 8 |  8.3
Stealth        | 1 2 |  2.1
Fighting       | |  3.6
Armour         | |  2.4
Dodging        | |  2.1

Action                   |  1- 3 |  4- 6 || total
-------------------------+-------+-------++-------
Melee: Hand axe          |    63 |    73 ||   136
       Headbutt          |     7 |    13 ||    20
Invok: Berserk           |     1 |     1 ||     2
  Use: Scroll            |       |     1 ||     1
 Stab: Sleeping          |     1 |     1 ||     2
  Eat: Chunk             |     2 |     4 ||     6
Armor: Animal skin       |    15 |     8 ||    23
Dodge: Dodged            |    52 |    30 ||    82
